 Dungeon Crawl Stone Soup version 0.26-a0-146-g24f6d3962c (webtiles) character file.

Game seed: 3889199527550566655

31 Flugslaktarn the Magician (level 3, 0/21 HPs)
             Began as an Octopode Wizard on June 29, 2020.
             Succumbed to an adder's poison
             ... on level 2 of the Dungeon.
             The game lasted 00:03:50 (600 turns).

Flugslaktarn the Magician (Octopode Wizard)          Turns: 600, Time: 00:03:51

Health: 0/21       AC:  1    Str:  6    XL:     3   Next: 22%
Magic:  6/8        EV: 13    Int: 21    God:
Gold:   56         SH:  5    Dex: 10    Spells: 6/9 levels left

rFire    . . .     SeeInvis .   i - +2 mace (holy)
rCold    . . .     Faith    .   (no shield)
rNeg     . . .     Spirit   .   a - +0 hat
rPois    .         Reflect  +   b - amulet of reflection
rElec    .         Harm     .   (no ring)
rCorr    .                      (no ring)
MR       .....                  (no ring)
Stlth    +++.......             (no ring)
HPRegen  0.07/turn              (no ring)
MPRegen  0.11/turn              (no ring)
                                (no ring)
                                (no ring)

@: lethally poisoned (0 -> -16)
A: almost no armour, stealthy swim, amphibious, 8 rings, constrict 8, camouflage
1, gelatinous body 1
a: no special abilities


You were on level 2 of the Dungeon.
You were not hungry.

You visited 1 branch of the dungeon, and saw 2 of its levels.

You collected 56 gold pieces.

Inventory:

Hand Weapons
 d - a +0 dagger
   (You took it off a goblin on level 1 of the Dungeon)
 e - a +0 hand axe
   (You found it on level 1 of the Dungeon)
 i - a +2 mace of holy wrath (weapon)
   (You found it on level 1 of the Dungeon)
Armour
 a - a +0 hat (worn)
Jewellery
 b - an amulet of reflection (around mantle)
   (You found it on level 1 of the Dungeon)
Scrolls
 g - 3 scrolls of teleportation
 h - a scroll of identify
 j - a scroll of enchant weapon
 k - a scroll of fear {unknown}
Comestibles
 c - 2 rations
 f - 3 chunks of flesh


   Skills:
 - Level 2.0 Dodging
 - Level 2.6 Stealth
 - Level 3.5 Spellcasting
 - Level 1.0 Conjurations
 + Level 2.2 Summonings
   Level 1.0 Translocations


You had 6 spell levels left.
You knew the following spells:

 Your Spells              Type           Power        Failure   Level  Hunger
a - Magic Dart            Conj           #...         9%          1    None
b - Call Imp              Summ           ##......     8%          2    ##.....

Your spell library contained the following spells:

 Spells                   Type           Power        Failure   Level  Hunger
 Blink                    Tloc           N/A          13%         2    ##.....
 Slow                     Hex            #.......     19%         2    ##.....
 Conjure Flame            Conj/Fire      #.......     30%         3    ###....
 Mephitic Cloud           Conj/Pois/Air  #.......     32%         3    ###....


Dungeon Overview and Level Annotations

Branches:
Dungeon (2/15)

Altars:


Innate Abilities, Weirdness & Mutations

You cannot wear most types of armour.
You are very stealthy in the water. (Stealth+)
You are amphibious.
You can wear up to eight rings at the same time.
You can use your tentacles to constrict eight enemies at once.
Your skin changes colour to match your surroundings (Stealth+).
Your rubbery body absorbs attacks. (AC +1, EV +1)


Message History

Your crimson imp blinks!
A bat comes into view.
The helpless rat fails to defend itself.
You hit the rat. You grab the rat.
The rat is heavily wounded.
You constrict the rat.
You kill the rat!
Casting: Call Imp (safe; 8% risk of failure)
Confirm with . or Enter, or press ? or * to list all spells.
A shadowy apparition takes form in the air.
Your shadow imp says, "I'm here!"
Your crimson imp blinks!
You see here a rat corpse.
You butcher the rat corpse.
Things that are here:
a chunk of flesh; a rat skeleton
f - 5 chunks of flesh (gained 1)
Found 26 arrows.
The helpless bat fails to defend itself.
You hit the bat. Your grab misses the bat. Your squeeze misses the bat.
The bat is severely wounded.
The bat closely misses you. You block the bat's attack.
Your crimson imp blinks!
The bat misses you.
Your shadow imp hits the bat.
The bat dies!
Found a mace.
You see here a bat corpse.
You butcher the bat corpse.
f - 6 chunks of flesh (gained 1)
You see here a bat skeleton.
An adder comes into view.
The helpless adder fails to defend itself.
You hit the adder. Your grab misses the adder. Your squeeze misses the adder.
The adder is heavily wounded.
The adder bites you.
* * * LOW HITPOINT WARNING * * *
You are poisoned.
The adder poisons you! The adder closely misses you.
Some of the chunks of flesh in your inventory have rotted away.
You hit the adder. Your grab misses the adder.
The adder is heavily wounded.
You feel sick. The adder bites you.
* * * LOW HITPOINT WARNING * * *
You are lethally poisoned!
The adder poisons you! The adder bites you.
* * * LOW HITPOINT WARNING * * *
You are more poisoned.
The adder poisons you!
You swap places.
You die...

#.##...###....
###÷# ....
#.###.# #....#
###....####
#....#..... #
#.#....####
####.#.#÷#.##
.).....@.#.#
####...5##.#
#.(#5S..#
##...####
##.## #. #. #.
##


You could see an adder, a friendly crimson imp (summoned) and a friendly shadow
imp (summoned).

Vanquished Creatures
  An adder (D:2)
  2 giant cockroaches (D:1)
  3 goblins
  A hobgoblin (D:1)
  3 jackals (D:2)
  A bat (D:2)
  3 rats
14 creatures vanquished.

Vanquished Creatures (collateral kills)
  A dart slug (D:1)
  A giant cockroach (D:2)
  2 hobgoblins (D:1)
  A quokka (D:2)
  A bat (D:2)
  2 rats (D:2)
8 creatures vanquished.

Grand Total: 22 creatures vanquished

Notes
Turn   | Place    | Note
-------+----------+-------------------------------------------
     0 | D:1      | Flugslaktarn the Octopode Wizard began the quest for the
                  | Orb.
     0 | D:1      | Reached XP level 1. HP: 11/11 MP: 4/4
   154 | D:1      | Reached XP level 2. HP: 5/17 MP: 1/6
   185 | D:1      | Learned a level 2 spell: Call Imp
   497 | D:2      | Reached XP level 3. HP: 7/21 MP: 5/8
   599 | D:2      | HP: 1/21 [adder (2)]
   600 | D:2      | Succumbed to an adder's poison

Illustrated notes

Levels and vault maps discovered:
D:1:      wander_arrival_lonely_grave, layout_basic,
          chequers_serial_rivers_small_a
D:2:      layout_loops_ring, serial_forest, infiniplex_forest_clump_small,
          infiniplex_forest_end_1, infiniplex_forest_clump_curved,
          infiniplex_forest_end_2, infiniplex_forest_corner_2,
          infiniplex_forest_clump_small, infiniplex_forest_end_3,
          infiniplex_forest_clump_diagonal, infiniplex_forest_corner_1,
          infiniplex_forest_lined_ring

Skill      XL: |  1  2 |
---------------+-------+-----
Summonings     | 2 |  2.2
Dodging        | |  2.0
Stealth        | |  2.6
Spellcasting   | |  3.5
Conjurations   | |  1.0
Translocations | |  1.0

Action                   || total
-------------------------++-------
Melee: Dagger            ||    21
       Tentacles         ||     5
       Constrict         ||     9
       Unarmed           ||     2
       Mace              ||    18
 Cast: Magic Dart        ||     9
       Call Imp          ||     9
  Use: Scroll            ||     2
 Stab: Sleeping          ||     6
Armor: Skin              ||     3
Dodge: Dodged            ||    24
Block: Other             ||     4

Table legend:
 A = Non-vault XP
 B = Vault XP
 C = Vault XP percentage of total XP
 D = Non-vault monster count
 E = Vault monster count
 F = Vault count percentage of total count
                 A         B        C        D         E       F
            +---------+---------+-------+---------+---------+-------
      Total |      45 |       0 |   0.0 |      22 |       0 |   0.0
            +---------+---------+-------+---------+---------+-------
        D:1 |      17 |       0 |   0.0 |      10 |       0 |   0.0
        D:2 |      28 |       0 |   0.0 |      12 |       0 |   0.0
            +---------+---------+-------+---------+---------+-------
